 Dungeon Crawl Stone Soup version 0.22-a0-409-gb855193 (webtiles) character file.

91526 4thArraOfDagon the Scorcher (level 16, 0/99 HPs)
             Began as an Octopode Fire Elementalist on May 10, 2018.
             Was an Elder of Sif Muna.
             Killed from afar by a hell hound (12 damage)
             ... with a blast of flame
             ... on level 6 of the Lair of Beasts.
             The game lasted 01:13:14 (14853 turns).

4thArraOfDagon the Scorcher (OpFE)                 Turns: 14853, Time: 01:13:15

Health: 0/99       AC:  3    Str:  6    XL:     16   Next: 3%
Magic:  25/54      EV: 20    Int: 26    God:    Sif Muna [****..]
Gold:   1418       SH:  0    Dex: 13    Spells: 18/36 levels left

rFire    . . .     SeeInvis .   c - staff of power {!a}
rCold    . . .     Gourm    .   (no shield)
rNeg     + + .     Faith    .   B - +2 hat
rPois    .         Spirit   .   E - amulet of magic regeneration
rElec    .         Reflect  .   n - +3 ring of intelligence
rCorr    .         Harm     .   x - -2 ring of slaying
MR       .....     Clarity  +   I - -2 ring of strength
Stlth    +++.......             G - +4 ring of evasion
HPRegen  0.26/turn              P - ring of positive energy
MPRegen  0.59/turn              U - ring of magical power
                                Z - ring of positive energy
                                (no ring)

@: vulnerable, very slightly contaminated, divine energy
A: almost no armour, stealthy swim, amphibious, 8 rings, constrict 8, camouflage
1, clarity, sense surroundings 1, gelatinous body 1
a: Stop Divine Energy, Channel Magic, Forget Spell, Renounce Religion


You were on level 6 of the Lair of Beasts.
You worshipped Sif Muna.
Sif Muna was greatly pleased with you.
You were hungry.

You visited 3 branches of the dungeon, and saw 23 of its levels.
You visited 1 bazaar.

You collected 1954 gold pieces.
You spent 536 gold pieces at shops.

Inventory:

Hand Weapons
 Y - the +3 scimitar "Tiohof" {protect, rPois rF++ Stlth+}
   (You found it on level 6 of the Lair of Beasts)

   It protects the one who uses it against injury (+AC on strike).
   It greatly protects you from fire.
   It protects you from poison.
   It makes you more stealthy.
Missiles
 q - 8 curare-tipped needles
 T - 2 throwing nets (quivered)
Armour
 h - a +2 hat
 B - a +2 hat (worn)
 R - a +1 buckler of reflection
Magical Staves
 c - an uncursed staff of power (weapon) {!a}
 O - an uncursed staff of wizardry {!a}
Jewellery
 n - a +3 ring of intelligence (left tentacle)
 x - a -2 ring of slaying (right tentacle)
 E - an amulet of magic regeneration (around mantle)
 G - a +4 ring of evasion (on tentacle)
 I - a -2 ring of strength (on tentacle)
 P - a ring of positive energy (on tentacle)
 U - a ring of magical power (on tentacle)
 Z - a ring of positive energy (on tentacle)
Wands
 v - a wand of flame (30)
 y - a wand of enslavement (26)
 A - a wand of acid (8)
 C - a wand of digging (33)
 H - a wand of polymorph (24)
 K - a wand of iceblast (16)
 L - a wand of clouds (6)
 N - a wand of random effects (35)
Scrolls
 a - a scroll of immolation
 j - 3 scrolls of enchant weapon
 l - 3 scrolls of fog
 m - 4 scrolls of teleportation
 u - 3 scrolls of magic mapping
 w - 8 scrolls of remove curse
 z - 2 scrolls of brand weapon {unknown}
 F - a scroll of random uselessness {unknown}
 J - a scroll of fear {unknown}
 W - a scroll of amnesia
Potions
 d - a potion of agility
 e - 7 potions of curing
 f - a potion of magic
 g - 4 potions of brilliance
 i - 2 potions of berserk rage
 k - 5 potions of lignification
 o - 2 potions of might
 p - 3 potions of flight
 r - 2 potions of resistance
 s - 2 potions of mutation
 t - a potion of haste {unknown}
 D - 4 potions of heal wounds
 M - a potion of cancellation
 V - a potion of ambrosia {unknown}
Comestibles
 b - 34 rations
 Q - 13 chunks of flesh


   Skills:
 - Level 6.0 Fighting
 - Level 6.0 Dodging
 - Level 2.6 Stealth
 + Level 10.7 Spellcasting
 * Level 15.5 Conjurations
 * Level 15.7 Fire Magic
 - Level 10.2 Invocations


You had 18 spell levels left.
You knew the following spells:

 Your Spells              Type           Power        Failure   Level  Hunger
a - Flame Tongue          Conj/Fire      #####        0%          1    None
b - Conjure Flame         Conj/Fire      #######.     1%          3    None
c - Sticky Flame          Conj/Fire      #######.     1%          4    None
d - Fireball              Conj/Fire      #######...   1%          5    ####...
e - Apportation           Tloc           ##....       4%          1    None
f - Iskenderun's Mystic   Conj           #######.     1%          4    None


Dungeon Overview and Level Annotations

Branches:
Dungeon (15/15)            Temple (0/1) D:6            Lair (6/6) D:9
  Snake (0/4) Lair:4        Slime (0/5) Lair:6          Orc (2/2) D:12
    Elf (0/3) Orc:2
  Swamp: Lair:2-4    Shoals: Lair:2-4    Vaults: D:13-14     Depths: D:15

Altars:
Cheibriados
Gozag
Hepliaklqana
Kikubaaqudgha
Nemelex Xobeh
Sif Muna
Uskayaw
Vehumet
Wu Jian
Yredelemnul
The Shining One
Jiyva

Shops:
D:5 ?   D:8 =   D:9 *   D:10 [   D:13 %   Orc:2 :!}(

Annotations:
D:4 Eptagon's ghost, amateur GrFi
Lair:4 Snorg


Innate Abilities, Weirdness & Mutations

You cannot wear most types of armour.
You are very stealthy in the water. (Stealth+)
You are amphibious.
You can wear up to eight rings at the same time.
You can use your tentacles to constrict eight enemies at once.
Your skin changes colour to match your surroundings (Stealth+).
Your rubbery body absorbs attacks. (AC +1, EV +1)
You possess an exceptional clarity of mind.
You passively map a small area around you.


Message History

* * * LOW HITPOINT WARNING * * *
A wolf comes into view.
Unknown command.
Blink to where?
Press: ? - help, Dir - move target cursor You are very lightly contaminated with residual magic.
As you read the scroll of blinking, it crumbles to dust.
You feel less invigorated.
Unknown command.
Unknown command.
Casting: Iskenderun's Mystic Blast (safe; 1% risk of failure)
Confirm with . or Enter, or press ? or * to list all spells.
Aiming: Iskenderun's Mystic Blast (safe; 1% risk of failure)
Press: ? - help, Shift-Dir - straight line, f - hell hound
Aim: a hell hound (almost dead)
The orb of energy hits the hell hound.
The hell hound is almost dead.
The hell hound breathes flames at you. The blast of flame hits you!
You die...

##### ## #..)# ### #.#
#...## ###.# *#$.## #
##....###@..## ....#.#
,
#......##.†..##.....##
##........†#.h......h.
#.#....(..##..§...#.,,
, ####.†.######..#.#.#
, ##.#.## #..# #** ,
#.#.#.## #### ##*
##÷....## ####.##
##......# ###.#...#.


You could see a hell hound.

Vanquished Creatures
  Gastronok (D:9)
  Josephine (D:14)
  A great orb of eyes (D:15)
  Fannar (D:11)
  Harold (Lair:4)
  9 hydras
  2 vault guards (D:14)
  Erica (D:8)
  5 two-headed ogres
  A centaur warrior (D:13)
  3 death yaks (Lair:6)
  Sonja (D:14)
  3 orc high priests (Orc:2)
  6 skeletal warriors
  An unseen horror (D:13)
  The ghost of dstrtnsr the Cleaver, a novice DEBe of Trog (D:7)
  Pikel (D:6)
  A wizard (D:14)
  A lindwurm (Lair:6)
  6 orc knights
  A necromancer (D:14)
  A wolf spider (Lair:6)
  2 deep elf magi
  17 ugly things
  5 orc sorcerers (Orc:2)
  7 elephants (Lair:6)
  4 centaur zombies
  Maurice (Orc:2)
  6 black mambas
  A guardian serpent (Lair:4)
  9 spiny frogs
  A centaur skeleton (D:12)
  5 komodo dragons
  3 rime drakes
  A harpy zombie (D:10)
  6 trolls
  9 polar bears (Lair:6)
  Prince Ribbit (D:8)
  A blink frog (Lair:6)
  4 slime creatures (D:14)
  10 hippogriffs
  A raiju (Lair:6)
  16 dream sheep
  A centaur simulacrum (D:15)
  51 yaks
  2 vampires
  4 wyverns
  6 wraiths
  4 basilisks
  2 steam dragons
  18 humans (D:14)
  6 vampire mosquitoes
  3 hungry ghosts
  12 wargs
  Menkaure (D:6)
  3 swamp worms (Lair:3)
  A soldier ant (D:13)
  8 water moccasins
  12 hell hounds (Lair:6)
  2 porcupines
  4 sky beasts
  2 ice beasts
  11 black bears (Lair:6)
  2 hornet zombies
  14 ogres
  26 orc warriors
  3 phantoms
  27 centaurs
  25 wolves
  8 crocodiles
  9 bullfrogs
  6 big kobolds
  A gnoll sergeant (D:8)
  A wyvern skeleton (D:14)
  10 killer bees (D:9)
  3 wights (D:8)
  8 howler monkeys
  3 crimson imps
  A bullfrog zombie (D:12)
  4 hounds
  2 jellies
  15 orc priests
  4 bullfrog skeletons
  3 iguanas
  23 orc wizards
  7 hell rats (Lair:4)
  8 worker ants
  2 hound skeletons
  5 gnolls (D:8)
  5 adders
  4 shadow imps
  An adder zombie (D:9)
  An adder skeleton (D:8)
  A worm (D:3)
  2 dart slugs
  3 leopard geckos
  66 orcs
  2 giant cockroaches (D:1)
  6 goblins
  2 hobgoblins
  4 jackals
  A quokka (D:7)
  3 ball pythons
  4 bats
  4 frilled lizards
  17 kobolds
  11 rats
  3 plants
672 creatures vanquished.

Vanquished Creatures (others)
  A crimson imp (D:14)
  An orc wizard (D:6)
  2 orcs (D:6)
  A bush (Lair:4)
  3 fungi
  8 plants (Lair:6)
16 creatures vanquished.

Grand Total: 688 creatures vanquished

Notes
Turn   | Place    | Note
-------+----------+-------------------------------------------
     0 | D:1      | 4thArraOfDagon the Octopode Fire Elementalist began the quest for the Orb.
     0 | D:1      | Reached XP level 1. HP: 11/11 MP: 3/3
   119 | D:1      | Reached XP level 2. HP: 13/17 MP: 3/5
   354 | D:2      | Found an ornate altar of the Wu Jian Council.
   577 | D:1      | Found a sparkling altar of Nemelex Xobeh.
   590 | D:1      | Reached XP level 3. HP: 21/21 MP: 6/6
   595 | D:1      | Learned a level 3 spell: Conjure Flame
   904 | D:4      | Thaneod: with this staff, I don't allow you to die
   926 | D:4      | 4thArraOfDagon: oh, thank you for your blessing!
   947 | D:5      | Entered Level 5 of the Dungeon
   993 | D:5      | Noticed a bullfrog
  1010 | D:5      | Killed a bullfrog
  1010 | D:5      | Reached XP level 4. HP: 27/27 MP: 7/7
  1019 | D:5      | Learned a level 4 spell: Sticky Flame
  1079 | D:5      | Found a deep blue altar of Sif Muna.
  1086 | D:5      | Found a snail-covered altar of Cheibriados.
  1094 | D:5      | 4thArraOfDagon: sif muna times
  1096 | D:5      | Became a worshipper of Sif Muna the Loreminder
  1102 | D:5      | Thaneod: hunger games!
  1270 | D:4      | Reached XP level 5. HP: 31/31 MP: 9/9
  1361 | D:4      | Found a basalt altar of Yredelemnul.
  1382 | D:4      | Noticed Eptagon's ghost (amateur GrFi)
  1474 | D:2      | Reached skill level 1 in Invocations
  2047 | D:3      | Reached XP level 6. HP: 36/36 MP: 10/10
  2812 | D:5      | Found Foschidi's Magic Scroll Shop.
  2821 | D:5      | Reached skill level 5 in Fire Magic
  2960 | D:6      | Reached * piety under Sif Muna
  2972 | D:6      | Reached XP level 7. HP: 9/41 MP: 11/11
  3032 | D:6      | Found a staircase to the Ecumenical Temple.
  3106 | D:6      | Noticed Pikel
  3147 | D:6      | Killed Pikel
  3147 | D:6      | Reached skill level 5 in Conjurations
  3147 | D:6      | Reached XP level 8. HP: 17/46 MP: 14/14
  3202 | D:6      | Noticed a two-headed ogre
  3212 | D:6      | Learned a level 5 spell: Fireball
  3231 | D:6      | Killed a two-headed ogre
  3231 | D:6      | Reached ** piety under Sif Muna
  3231 | D:6      | Reached XP level 9. HP: 33/51 MP: 9/15
  3261 | D:6      | Noticed Menkaure
  3431 | D:5      | Bought a scroll of magic mapping for 49 gold pieces
  3431 | D:5      | Bought a scroll of teleportation for 42 gold pieces
  3431 | D:5      | Bought a scroll of blinking for 105 gold pieces
  3515 | D:6      | Killed Menkaure
  3700 | D:7      | Reached skill level 5 in Spellcasting
  3733 | D:7      | Found an ancient bone altar of Kikubaaqudgha.
  3759 | D:7      | Reached *** piety under Sif Muna
  3759 | D:7      | Reached skill level 5 in Invocations
  4093 | D:7      | Noticed dstrtnsr's ghost (novice DEBe)
  4139 | D:7      | Killed dstrtnsr's ghost
  4139 | D:7      | Reached XP level 10. HP: 56/56 MP: 5/18
  4142 | D:7      | rip bud
  4403 | D:8      | Noticed a two-headed ogre
  4417 | D:8      | Killed a two-headed ogre
  4437 | D:8      | Found a hazy altar of Hepliaklqana.
  4450 | D:8      | Found Piakhigirgh's Jewellery Shop.
  4490 | D:8      | Reached **** piety under Sif Muna
  4568 | D:8      | Found a sparkling altar of Nemelex Xobeh.
  4691 | D:8      | Noticed Prince Ribbit
  4693 | D:8      | Killed Prince Ribbit
  4735 | D:8      | Found a hide-covered altar of Uskayaw.
  4786 | D:8      | Noticed Erica
  4790 | D:8      | Killed Erica
  5197 | D:9      | Reached skill level 10 in Fire Magic
  5262 | D:9      | Reached XP level 11. HP: 28/61 MP: 17/20
  5284 | D:9      | Found a glowing golden altar of the Shining One.
  5361 | D:9      | Noticed Gastronok
  5404 | D:9      | Killed Gastronok
  5404 | D:9      | Reached skill level 10 in Conjurations
  5488 | D:9      | Noticed a two-headed ogre
  5501 | D:9      | Killed a two-headed ogre
  5518 | D:9      | Found an opulent altar of Gozag.
  5555 | D:9      | Reached ***** piety under Sif Muna
  5579 | D:9      | Noticed a three-headed hydra
  5586 | D:9      | Killed a three-headed hydra
  5685 | D:9      | Identified Sif Muna's Tome of the Snowflakes and Weightlessness (Sif Muna gifted it to you on level 9 of the Dungeon)
  5685 | D:9      | Received a gift from Sif Muna
  5778 | D:9      | Found Gozag's Platinum Reserve.
  5906 | D:9      | Found a staircase to the Lair.
  5978 | D:10     | Entered Level 10 of the Dungeon
  5978 | D:10     | Found Defyrucku's Armour Boutique.
  6900 | D:10     | Learned a level 1 spell: Apportation
  6906 | D:10     | Reached XP level 12. HP: 64/66 MP: 23/23
  7007 | D:11     | Noticed a two-headed ogre
  7014 | D:11     | Killed a two-headed ogre
  7075 | D:11     | Noticed a two-headed ogre
  7115 | D:11     | Killed a two-headed ogre
  7181 | D:11     | Noticed Fannar
  7544 | D:11     | Killed Fannar
  7687 | D:11     | Reached skill level 1 in Fighting
  8318 | D:12     | Found a snail-covered altar of Cheibriados.
  8520 | D:12     | Found a staircase to the Orcish Mines.
  9101 | D:13     | Reached XP level 13. HP: 69/77 MP: 16/25
  9156 | D:13     | Identified Sif Muna's Disquisition on Bewitchment (Sif Muna gifted it to you on level 13 of the Dungeon)
  9156 | D:13     | Received a gift from Sif Muna
  9300 | D:14     | Noticed Josephine
  9337 | D:13     | Gained mutation: You possess an exceptional clarity of mind. [potion of mutation]
  9337 | D:13     | Gained mutation: You passively map a small area around you. [potion of mutation]
  9613 | D:13     | Found Raczuis's Food Shoppe.
  9901 | D:14     | Found a flickering gateway to a bazaar.
  9908 | Bazaar   | Entered a bazaar
  9913 | Bazaar   | Found Luatas's Antique Armour Shop.
  9936 | Bazaar   | Found Suariu Rice's Jewellery Shop.
 10344 | D:14     | Reached skill level 5 in Dodging
 10592 | D:14     | Killed Josephine
 10597 | D:14     | Noticed a vault guard
 10601 | D:14     | Noticed a vault guard
 10601 | D:14     | Reached XP level 14. HP: 86/86 MP: 20/26
 10604 | D:14     | Reached skill level 10 in Invocations
 10692 | D:15     | Entered Level 15 of the Dungeon
 10703 | D:15     | Reached skill level 5 in Fighting
 10728 | D:15     | Paralysed by a great orb of eyes for 6 turns
 10830 | D:14     | Noticed Sonja
 10838 | D:14     | Killed Sonja
 11218 | Orc:1    | Entered Level 1 of the Orcish Mines
 11675 | Orc:2    | Entered Level 2 of the Orcish Mines
 11738 | Orc:2    | Found a radiant altar of Vehumet.
 11951 | Orc:2    | Noticed Maurice
 11954 | Orc:2    | Killed Maurice
 12013 | Orc:2    | Found a staircase to the Elven Halls.
 12097 | Orc:2    | Found Kiasmi Ykhlu's Weapon Emporium.
 12097 | Orc:2    | Found Istrouqipn's Book Emporium.
 12098 | Orc:2    | Found Xerhiof's Gadget Shop.
 12103 | Orc:2    | Found Hanin's Distillery.
 12127 | Orc:2    | Bought a potion of curing for 30 gold pieces
 12127 | Orc:2    | Bought a potion of agility for 40 gold pieces
 12127 | Orc:2    | Bought a potion of curing for 30 gold pieces
 12127 | Orc:2    | Bought a potion of curing for 30 gold pieces
 12127 | Orc:2    | Bought a potion of heal wounds for 50 gold pieces
 12127 | Orc:2    | Bought a potion of heal wounds for 50 gold pieces
 12127 | Orc:2    | Bought a potion of lignification for 30 gold pieces
 12127 | Orc:2    | Bought a potion of cancellation for 80 gold pieces
 12144 | Orc:2    | Learned a level 4 spell: Iskenderun's Mystic Blast
 12345 | Lair:1   | Entered Level 1 of the Lair of Beasts
 12777 | Lair:3   | Reached XP level 15. HP: 94/94 MP: 3/28
 12932 | Lair:4   | Found a staircase to the Snake Pit.
 12945 | Lair:4   | Noticed Snorg
 13106 | Lair:4   | Noticed Harold
 13110 | Lair:4   | Killed Harold
 13116 | Lair:4   | Reached skill level 10 in Spellcasting
 13662 | Lair:6   | Entered Level 6 of the Lair of Beasts
 13720 | Lair:6   | Reached skill level 15 in Fire Magic
 13922 | Lair:6   | Identified Sif Muna's Reference Book on the Flying Frostbite (Sif Muna gifted it to you on level 6 of the Lair of Beasts)
 13922 | Lair:6   | Received a gift from Sif Muna
 14106 | Lair:6   | Reached skill level 15 in Conjurations
 14143 | Lair:6   | Found a viscous altar of Jiyva.
 14143 | Lair:6   | Found a staircase to the Slime Pits.
 14527 | Lair:6   | Got a dazzling scimitar
 14774 | Lair:6   | Reached XP level 16. HP: 46/99 MP: 23/30
 14820 | Lair:6   | Identified the +3 scimitar "Tiohof" {protect, rPois rF++ Stlth+} (You found it on level 6 of the Lair of Beasts)
 14853 | Lair:6   | Killed from afar by a hell hound

Vault maps used:
D:1:      lemuel_arrival_room, nemelex_diamond_rough_becter
D:2:      old_standard_altar
D:3:      first_ration
D:4:      overflow_temple_1_default
D:5:      amethyst_overflow_temple_binary, serial_shops, shop_fountains
D:6:      minmay_temple_entry_crystal_x, uniq_menkaure, uniq_pikel
D:7:      overflow_temple_1_default
D:8:      eat_drink_and_be_merry_uskayaw, kennysheep_mini,
          kennysheep_little_box, serial_shops,
          nicolae_shop_temple_entry_statues_fountains, uniq_erica,
          uniq_prince_ribbit1
D:9:      nicolae_gozag_zags_fifth_avenue, lair_entry_dummy, hangedman_ranch,
          tso_metal_star, uniq_gastronok
D:10:     serial_shops, nicolae_shop_stone
D:11:     grunt_decor_clamped, uniq_fannar
D:12:     orc_0_dummy, basic_altar
D:13:     serial_shops, shop
D:14:     grunt_vaults_entry_tiered, serial_shops, bzr_entry_dummy,
          ashenzari_altar_1, serial_park_tiny_2, uniq_josephine, uniq_sonja
D:15:     hangedman_spin_cycle, serial_shops
Lair:1:   nicolae_quartered_pool_little, serial_bayou_shore_a
Lair:3:   nicolae_swamp_entry_splash_gauntlet
Lair:4:   minmay_snake_entry_spellcaster, beast_lair_carwin_4,
          grunt_megastairs_4, uniq_harold, uniq_snorg
Lair:6:   hangedman_lair_caniforms_friends, hangedman_lair_in_review,
          dpeg_slime_entry_enclosed_altar
Orc:2:    st_orc_elflike, basic_altar, abandoned_shop, mines5_lemuel,
          uniq_maurice
Bazaar:   bazaar_jpeg_cross

Skill      XL: |  1  2  3  4  5  6  7  8  9 10 11 12 13 14 15 |
---------------+----------------------------------------------+-----
Conjurations   | 2 3 4 5 6 8 9 11 12 13 14 15 | 15.5
Fire Magic     | 4 5 6 7 8 10 11 12 13 14 15 | 15.7
Invocations    | 1 2 3 4 5 6 8 9 10 | 10.2
Spellcasting   | 3 4 5 6 7 8 9 10 | 10.7
Fighting       | 3 4 6 |  6.0
Dodging        | 3 5 6 |  6.0
Stealth        | |  2.6

Action                   |  1- 3 |  4- 6 |  7- 9 | 10-12 | 13-15 | 16-18 || total
-------------------------+-------+-------+-------+-------+-------+-------++-------
Melee: Staff             |     5 |    23 |    10 |    15 |    21 |       ||    74
       Constrict         |     2 |     3 |     2 |     5 |     6 |       ||    18
       Tentacles         |     1 |     1 |     2 |     3 |     4 |       ||    11
 Cast: Flame Tongue      |    38 |    79 |    66 |   125 |    11 |       ||   319
       Conjure Flame     |     1 |     5 |    10 |    36 |    32 |       ||    84
       Sticky Flame      |       |     5 |    12 |    34 |    63 |       ||   114
       Fireball          |       |       |     9 |   143 |   461 |     9 ||   622
       Iskenderun's Myst |       |       |       |       |    13 |    14 ||    27
Invok: Divine Energy     |       |       |     1 |       |       |       ||     1
       Channel Magic     |       |       |     1 |    13 |    36 |     2 ||    52
Evoke: Wand              |       |       |       |       |     6 |       ||     6
  Use: Scroll            |       |     5 |     2 |     8 |    18 |     4 ||    37
       Potion            |       |       |     3 |     1 |    12 |       ||    16
 Stab: Sleeping          |     1 |       |       |       |     1 |       ||     2
  Eat: Chunk             |     1 |     5 |     7 |    39 |    92 |     2 ||   146
       Ration            |       |     1 |       |     5 |     4 |       ||    10
Armor: Skin              |     2 |     6 |     2 |     7 |     8 |       ||    25
Dodge: Dodged            |    11 |    25 |    17 |    47 |   148 |     8 ||   256

Table legend:
 A = Spawn XP
 B = Non-spawn XP
 C = Spawn XP percentage of total XP
 D = Spawn monster count
 E = Non-spawn monster count
 F = Spawn count percentage of total count
 G = Total turns spent on level
                    A         B        C        D         E        F      G
               +---------+---------+-------+---------+---------+-------+---------
         Total |       0 |  130752 |   0.0 |       0 |     669 |   0.0 | 14853
               +---------+---------+-------+---------+---------+-------+---------
           D:1 |       0 |      27 |   0.0 |       0 |      16 |   0.0 |   689
           D:2 |       0 |      33 |   0.0 |       0 |      13 |   0.0 |   646
           D:3 |       0 |     130 |   0.0 |       0 |      25 |   0.0 |   501
           D:4 |       0 |      70 |   0.0 |       0 |       3 |   0.0 |   518
           D:5 |       0 |     431 |   0.0 |       0 |       7 |   0.0 |   793
           D:6 |       0 |    2379 |   0.0 |       0 |      18 |   0.0 |   540
           D:7 |       0 |    1868 |   0.0 |       0 |      14 |   0.0 |   716
           D:8 |       0 |    3740 |   0.0 |       0 |      38 |   0.0 |   736
           D:9 |       0 |    7713 |   0.0 |       0 |      37 |   0.0 |   851
          D:10 |       0 |    2036 |   0.0 |       0 |      18 |   0.0 |  1293
          D:11 |       0 |    6466 |   0.0 |       0 |      35 |   0.0 |  1108
          D:12 |       0 |    5571 |   0.0 |       0 |      27 |   0.0 |   887
          D:13 |       0 |    8103 |   0.0 |       0 |      45 |   0.0 |   865
          D:14 |       0 |   22468 |   0.0 |       0 |      59 |   0.0 |  1168
          D:15 |       0 |    2208 |   0.0 |       0 |       6 |   0.0 |   100
        Lair:2 |       0 |     651 |   0.0 |       0 |       4 |   0.0 |   146
        Lair:3 |       0 |    7539 |   0.0 |       0 |      19 |   0.0 |   393
        Lair:4 |       0 |    8833 |   0.0 |       0 |      38 |   0.0 |   420
        Lair:5 |       0 |    3330 |   0.0 |       0 |      13 |   0.0 |   333
        Lair:6 |       0 |   30318 |   0.0 |       0 |     113 |   0.0 |  1191
         Orc:1 |       0 |    2860 |   0.0 |       0 |      50 |   0.0 |   327
         Orc:2 |       0 |   13978 |   0.0 |       0 |      71 |   0.0 |   550
               +---------+---------+-------+---------+---------+-------+---------
